 Dungeon Crawl Stone Soup version 0.25-a0-523-g9afb2ee040 (webtiles) character file.

Game seed: 6621115668147549319, levelgen mode: classic

12345 EnegeticOcto the Cleaver (level 11, -14/106 HPs)
             Began as a Deep Dwarf Fighter on Feb 18, 2020.
             Was a Priest of Makhleb.
             Demolished by a vault guard
             ... wielding a cursed -3 glaive
              (16 damage)
             ... on level 14 of the Dungeon.
             The game lasted 00:06:03 (6811 turns).

EnegeticOcto the Cleaver (Deep Dwarf Fighter)       Turns: 6811, Time: 00:06:03

Health: -14/106    AC: 16    Str: 24      XL:     11   Next: 61%
Magic:  0/0        EV:  6    Int:  8      God:    Makhleb [***...]
Gold:   420        SH: 17    Dex: 10 (12) Spells: 10/10 levels left

rFire    + . .     SeeInvis .   a - +0 broad axe
rCold    + . .     Gourm    .   C - +0 tower shield
rNeg     . . .     Faith    .   x - +0 plate armour
rPois    .         Spirit   .   (no helmet)
rElec    .         Reflect  .   A - scarf {rC+ rF+}
rCorr    .         Harm     +   g - +1 pair of gloves
MR       ++...                  (no boots)
Stlth    ..........             b - amulet of harm
HPRegen  0.00/turn              y - ring of protection from magic
MPRegen  0.07/turn              (no ring)

@: very slightly contaminated, non-regenerating, hasted, invisible, very quick
A: damage resistance, heal wounds, sense surroundings 2, no regeneration
a: Heal Wounds, Minor Destruction, Lesser Servant of Makhleb, Renounce Religion


You were on level 14 of the Dungeon.
You worshipped Makhleb.
Makhleb was most pleased with you.
You were hungry.

You visited 2 branches of the dungeon, and saw 13 of its levels.

You collected 520 gold pieces.
You spent 100 gold pieces at shops.

Inventory:

Hand Weapons
 a - a +0 broad axe (weapon)
Armour
 c - a +0 kite shield
 f - a +2 cloak
 g - a +1 pair of gloves (worn)
 x - a +0 plate armour (worn)
 A - a scarf of resistance (worn)
 C - a +0 tower shield (worn)
Jewellery
 b - an amulet of harm (around neck)
 t - an uncursed amulet of the acrobat
 y - a ring of protection from magic (left hand)
Wands
 s - a wand of disintegration (13)
 u - a wand of acid (9) {@V1}
Scrolls
 h - 4 scrolls of enchant weapon
 o - 6 scrolls of identify {@r1}
 r - 3 scrolls of teleportation {@r2}
 B - 2 scrolls of magic mapping {@r5}
 D - a scroll of holy word {unknown}
 E - a scroll of remove curse {@r6}
Potions
 d - 3 potions of lignification {@q7}
 i - 2 potions of heal wounds {unknown}
 j - 2 potions of stabbing {@q5}
 k - a potion of might {@q3}
 l - 4 potions of curing {@q1}
 m - 2 potions of resistance {@q6}
 n - 3 potions of haste {@q4}
 p - a potion of brilliance
 v - a potion of degeneration {unknown}
 w - 2 potions of mutation {unknown}
Comestibles
 e - 26 rations


   Skills:
 * Level 9.1 Fighting
 * Level 10.4 Axes
 + Level 8.0 Armour
 - Level 6.3 Dodging
 * Level 8.5 Shields
 * Level 8.8 Invocations


You had 10 spell levels left.
You didn't know any spells.
Your spell library contained the following spells:

 Spells                   Type           Power        Failure   Level  Hunger
 Summon Small Mammal      Summ           #...         100%        1    ##.....
 Call Imp                 Summ           #.......     100%        2    ###....
 Call Canine Familiar     Summ           #.......     100%        3    ####...
 Summon Guardian Golem    Hex/Summ       #.......     100%        3    ####...
 Summon Ice Beast         Ice/Summ       #.......     100%        4    #####..
 Summon Lightning Spire   Summ/Air       #.......     100%        4    #####..


Dungeon Overview and Level Annotations

Branches:
Dungeon (11/15)            Temple (1/1) D:4          Vaults (0/5) D:14
   Lair: D:8-11         Orc: D:9-12

Altars:
Ashenzari
Cheibriados
Fedhas
Gozag
Hepliaklqana
Kikubaaqudgha
Makhleb
Nemelex Xobeh
Okawaru
Qazlal
Ru
Sif Muna
Trog
Uskayaw
Vehumet
Wu Jian
Xom
Yredelemnul
Beogh

Shops:
D:7 [   D:8 **   D:9 %


Innate Abilities, Weirdness & Mutations

You are resistant to damage.
You can heal yourself by infusing magical energy.
You passively map the area around you.
You do not regenerate.


Message History

You barely miss the tengu warrior. You closely miss the vault guard.
Something hits you but does no damage. You block the vault guard's attack.
The vault guard hits you but does no damage.
The tengu warrior hits you but does no damage.
You block the tengu warrior's attack.
The tengu warrior claws you but does no damage.
The vault guard hits you with a +0 long sword.
Your shield and plate armour prevent you from hitting the vault guard.
The vault guard is severely wounded.
Your shield and plate armour prevent you from hitting the vault guard.
You hit something. You closely miss the tengu warrior. Something hits you.
The vault guard hits you but does no damage.
The vault guard hits you from afar with a cursed -3 glaive.
The tengu warrior hits you but does no damage.
The tengu warrior pecks you but does no damage.
The tengu warrior claws you but does no damage.
Your plate armour prevents you from hitting the vault guard.
The vault guard is heavily wounded.
You closely miss the vault guard.
Your shield prevents you from hitting the tengu warrior.
The vault guard hits you with a +0 long sword.
The vault guard closely misses you. You block something's attack.
You block the vault guard's attack.
The tengu warrior hits you with a cursed -3 great sword!
You block the tengu warrior's attack.
The tengu warrior claws you but does no damage.
The vault guard blocks your attack.
The vault guard is heavily wounded.
Your shield and plate armour prevent you from hitting the tengu warrior.
Your plate armour prevents you from hitting something.
You closely miss the vault guard. Something hits you but does no damage.
The vault guard hits you but does no damage.
You block the vault guard's attack. The vault guard closely misses you.
You block the tengu warrior's attack.
The tengu warrior pecks you but does no damage.
The tengu warrior barely misses you.
You slash the vault guard!
The vault guard is severely wounded.
You closely miss the vault guard. You hit the tengu warrior.
You block the vault guard's attack. You block something's attack.
The vault guard hits you with a +0 long sword.
You block the vault guard's attack.
The tengu warrior hits you but does no damage.
The tengu warrior pecks you but does no damage.
You block the tengu warrior's attack.
You are too injured to fight recklessly!
You are too injured to fight recklessly!
You are too injured to fight recklessly!
You are too injured to fight recklessly!
You are too injured to fight recklessly!
You are too injured to fight recklessly!
You are too injured to fight recklessly!
You are too injured to fight recklessly!
Okay, then.
You fade into invisibility!
Something hits you but does no damage. x2
The vault guard hits you with a +0 long sword.
The vault guard hits you but does no damage.
The cyclops throws a large rock.
The large rock hits the vault guard!
You are very lightly contaminated with residual magic.
You feel yourself speed up. You block something's attack.
Something hits you but does no damage. The vault guard barely misses you.
The worker ant waves its antennae.
The tengu warrior closely misses you. The tengu warrior pecks you.
You block the tengu warrior's attack. You block the vault guard's attack.
The vault guard hits you with a +0 long sword!
The tengu conjurer gestures wildly while chanting.
The tengu conjurer conjures a globe of magical energy!
The cyclops throws a large rock.
The large rock hits the vault guard!
A battlesphere comes into view.
The vault guard blocks your attack.
The vault guard is severely wounded.
You hit the tengu warrior. You closely miss something.
You hit the vault guard but do no damage.
Something hits you.
* * * LOW HITPOINT WARNING * * *
Something hits you.
* * * LOW HITPOINT WARNING * * *
The vault guard completely misses you.
The tengu warrior hits you with a cursed -3 great sword!
* * * LOW HITPOINT WARNING * * *
You block the tengu warrior's attack. x2
The vault guard hits you with a +0 long sword!
* * * LOW HITPOINT WARNING * * *
The vault guard hits you with a +0 long sword!
* * * LOW HITPOINT WARNING * * *
The battlesphere moves out of view.
You hit the vault guard but do no damage.
The vault guard is severely wounded.
Your shield and plate armour prevent you from hitting the vault guard.
You miss something. You miss the tengu warrior.
Something hits you but does no damage.
The cyclops throws a large rock.
The large rock hits the vault guard!!
You completely miss the vault guard.
The vault guard is severely wounded.
You miss the tengu warrior. You closely miss the vault guard.
Something hits you but does no damage.
The vault guard hits you but does no damage.
The vault guard hits you from afar with a cursed -3 glaive!
You die...

#.........## ..#
#.>........##.#####
#..........#......#
#...........##.##.##
#................$.,,*
#...)..##.......# ,,,
##....####.....## * ,,
###.## ##...## * #.##
##@## # #..##


#aQpp{# ** , ## #...##.#spp#Q# , .## ###....#,..C.a # ..####......+...∩.l.+ , *
#..#........#.......# , , #.....##...##.#...#.# ,,,, * #.....##..####.....##* ,
,,* ..###....## *** * , * You could see 4 vault guards, a tengu warrior, a
cyclops, a tengu conjurer, a wyvern, a scorpion and 2 worker ants.

Vanquished Creatures
  A two-headed ogre (D:10)
  An unseen horror (D:14)
  A wizard (D:14)
  An ugly thing (D:14)
  A gargoyle (D:6)
  A kobold demonologist (D:14)
  A queen bee (D:14)
  A troll (D:14)
  3 meliai (D:14)
  2 wyverns
  2 hungry ghosts
  12 yaks
  Grum (D:10)
  2 soldier ants (D:9)
  An orc warrior (D:9)
  A black bear (D:9)
  3 ogres
  3 ice beasts
  3 sky beasts
  A phantom (D:6)
  5 centaurs
  2 wolves (D:10)
  A crocodile (D:10)
  7 bullfrogs
  21 killer bees (D:14)
  A howler monkey (D:14)
  2 wights (D:6)
  2 crimson imps
  2 centaur zombies
  2 quasits
  9 hounds
  2 jellies
  A gnoll shaman (D:4)
  2 centaur skeletons
  8 orc priests
  7 orc wizards
  2 bullfrog skeletons
  4 iguanas
  10 worker ants
  A killer bee zombie (D:6)
  A hound zombie (D:9)
  A hound skeleton (D:6)
  2 worker ant zombies (D:6)
  5 gnolls (D:4)
  8 adders
  2 shadow imps
  2 oozes
  2 adder zombies (D:6)
  3 adder skeletons
  2 worms
  3 dart slugs
  4 leopard geckos
  20 orcs
  2 giant cockroaches (D:4)
  6 goblins
  4 hobgoblins
  13 jackals
  3 quokkas
  3 bats
  A frilled lizard (D:3)
  7 kobolds
  A quokka skeleton (D:4)
  3 rats
231 creatures vanquished.

Vanquished Creatures (collateral kills)
  A hydra (D:14)
  A komodo dragon (D:14)
  A vampire (D:14)
3 creatures vanquished.

Vanquished Creatures (others)
  A hound (D:6)
  An orc wizard (D:6)
2 creatures vanquished.

Grand Total: 236 creatures vanquished

Notes
Turn   | Place    | Note
-------+----------+-------------------------------------------
     0 | D:1      | EnegeticOcto the Deep Dwarf Fighter began the quest for the
                  | Orb.
     0 | D:1      | Reached XP level 1. HP: 20/20 MP: 1/1
   331 | D:1      | Reached XP level 2. HP: 21/27 MP: 2/2
   570 | D:2      | Reached skill level 3 in Axes
   570 | D:2      | Reached skill level 1 in Dodging
   570 | D:2      | Reached XP level 3. HP: 27/34 MP: 3/3
   607 | D:2      | Found a sacrificial altar of Ru.
   639 | D:2      | Reached XP level 4. HP: 30/42 MP: 4/4
   788 | D:3      | Found a shattered altar of Ashenzari.
   903 | D:4      | Noticed an ogre
   908 | D:4      | Killed an ogre
   908 | D:4      | Reached XP level 5. HP: 24/50 MP: 4/4
   983 | D:4      | Reached skill level 4 in Axes
   993 | D:4      | Reached XP level 6. HP: 57/57 MP: 4/4
  1198 | D:4      | Found a bloodstained altar of Trog.
  1311 | D:4      | Found a staircase to the Ecumenical Temple.
  1347 | Temple   | Entered the Ecumenical Temple
  1719 | D:5      | Entered Level 5 of the Dungeon
  1793 | D:5      | Noticed an ice beast
  1803 | D:5      | Killed an ice beast
  1803 | D:5      | Reached XP level 7. HP: 45/66 MP: 5/5
  1892 | D:5      | Reached skill level 5 in Axes
  1905 | D:5      | Found a stormy altar of Qazlal.
  2159 | D:5      | Found a basalt altar of Yredelemnul.
  2501 | D:6      | Reached skill level 5 in Fighting
  2588 | D:6      | Reached skill level 5 in Armour
  2590 | D:6      | Noticed a gargoyle
  2618 | D:6      | Killed a gargoyle
  2618 | D:6      | Reached skill level 6 in Axes
  2618 | D:6      | Reached skill level 5 in Shields
  2618 | D:6      | Reached XP level 8. HP: 75/75 MP: 5/5
  2870 | D:6      | Reached skill level 7 in Axes
  3146 | D:7      | Found Hairise's Antique Armour Shop.
  3209 | D:7      | Found a hide-covered altar of Uskayaw.
  3213 | D:7      | Gained mutation: You passively map the area around you.
                  | [Deep Dwarf growth]
  3213 | D:7      | Reached XP level 9. HP: 74/84 MP: 4/4
  3226 | D:7      | Found a roughly hewn altar of Beogh.
  3245 | D:7      | Found a burning altar of Makhleb.
  3245 | D:7      | Found a shimmering altar of Xom.
  3252 | D:7      | Became a worshipper of Makhleb the Destroyer
  3490 | D:7      | Reached skill level 1 in Invocations
  3871 | D:7      | Found an opulent altar of Gozag.
  4082 | D:8      | Found Moori's Assorted Antiques.
  4090 | D:8      | Bought a broad axe for 100 gold pieces
  4114 | D:8      | Found Memo Edi's Lightly-Used Armoury.
  4282 | D:8      | Reached skill level 5 in Dodging
  4303 | D:8      | Reached * piety under Makhleb
  4367 | D:8      | Reached skill level 8 in Axes
  4918 | D:9      | Reached XP level 10. HP: 64/94 MP: 5/5
  4927 | D:9      | Reached skill level 5 in Invocations
  5067 | D:9      | Reached ** piety under Makhleb
  5111 | D:9      | Found Nypyrhor's Food Boutique.
  5468 | D:10     | Entered Level 10 of the Dungeon
  5478 | D:10     | Reached skill level 9 in Axes
  5896 | D:10     | Noticed Grum
  5902 | D:10     | Noticed a two-headed ogre
  5905 | D:10     | Killed Grum
  5919 | D:10     | Killed a two-headed ogre
  5982 | D:10     | Found a shimmering altar of Xom.
  5984 | D:10     | Found a shimmering altar of Xom.
  5992 | D:10     | Found a shimmering altar of Xom.
  6008 | D:10     | Found a shimmering altar of Xom.
  6015 | D:10     | Found a shimmering altar of Xom.
  6015 | D:10     | Found a shimmering altar of Xom.
  6411 | D:11     | You fall into a shaft and drop 3 floors!
  6439 | D:14     | Reached XP level 11. HP: 94/104 MP: 5/5
  6451 | D:14     | Noticed a wizard
  6468 | D:14     | Reached *** piety under Makhleb
  6472 | D:14     | Killed a wizard
  6486 | D:14     | Noticed a green ugly thing
  6491 | D:14     | Noticed a seven-headed hydra
  6495 | D:14     | Killed a green ugly thing
  6502 | D:14     | Killed an 11-headed hydra
  6502 | D:14     | Reached skill level 10 in Axes
  6737 | D:14     | Killed an unseen horror
  6796 | D:14     | Found a gate to the Vaults.
  6796 | D:14     | Noticed a vault guard
  6796 | D:14     | Noticed a vault guard
  6796 | D:14     | Noticed a vault guard
  6796 | D:14     | Noticed a vault guard
  6797 | D:14     | Noticed a tengu warrior
  6809 | D:14     | HP: 2/106 [vault guard/+0 long sword (10)]
  6811 | D:14     | Demolished by a vault guard

Levels and vault maps discovered:
D:1:      dpeg_cavernosity, layout_loops_ring
D:2:      layout_basic, good_gods_mini_temple,
          nicolae_ru_great_annihilating_truth
D:3:      layout_rooms, nicolae_ashenzari_panopticon,
          nicolae_dithmenos_shadow_blocks, minmay_misc_feat_iff, hex_medium,
          dk_noncrumbling_3, uniq_purgy
D:4:      layout_basic, kennysheep_mini_moat, temple_pool_b, nrook_loot_triangle
D:5:      layout_basic, overflow_temple_1_default, grunt_qazlal_sundering,
          first_ration, serial_curves, eino_curves_02, eino_curves_01
D:6:      minmay_chambers_of_sixes, layout_rooms,
          chequers_serial_rivers_micro_b, grunt_tough_drop
D:7:      layout_basic, grunt_temple_overflow_champion_of_chaos,
          grunt_gozag_breadcrumbs, old_standard_altar, serial_shops,
          nicolae_shop_crystal, david_defended_altar_orc
D:8:      layout_basic, serial_shops, shop, serial_rivers,
          chequers_serial_rivers_marsh, chequers_serial_rivers_small_b,
          chequers_serial_rivers_room_b, chequers_serial_rivers_small_b,
          chequers_serial_rivers_micro_d, minmay_shop_damaged
D:9:      layout_basic, serial_shops, shop_fountains, hangedman_pestilent_swarm
D:10:     layout_irregular_city, st_stairs_10, minmay_misc_feat_pillars,
          xom_shifter_show, uniq_grum
D:11:     layout_loops_cross, lair_entry_dummy, serial_shops,
          nicolae_shop_statue_plus
D:14:     layout_cave_pods, lightli_vaults_fourway_checkpoint,
          gauntlet_entry_generic, special_room [special_room_bee],
          grunt_decor_clamped, serial_shops, shop, minmay_checkerbox
Temple:   nicolae_temple_figure_zero

Skill      XL: |  1  2  3  4  5  6  7  8  9 10 11 |
---------------+----------------------------------+-----
Fighting       | 3 4 5 6 7 8 9 |  9.1
Axes           | 3 4 6 7 8 9 10 | 10.4
Dodging        | 1 2 3 4 5 6 |  6.3
Armour         | 4 5 6 7 8 |  8.0
Shields        | 4 5 6 7 8 |  8.5
Invocations    | 4 7 8 |  8.8

Action                   |  1- 3 |  4- 6 |  7- 9 | 10-12 || total
-------------------------+-------+-------+-------+-------++-------
Melee: War axe           |    85 |   104 |   290 |       ||   479
       Broad axe         |       |       |   156 |   294 ||   450
Invok: Lesser Servant of |       |       |       |     1 ||     1
 Abil: Heal Wounds       |     1 |     3 |    16 |    30 ||    50
Evoke: Wand              |       |       |       |     1 ||     1
  Use: Scroll            |       |       |    13 |     4 ||    17
       Potion            |       |       |       |     4 ||     4
 Stab: Paralysed         |       |     1 |       |     1 ||     2
  Eat: Chunk             |       |     3 |    17 |     5 ||    25
       Ration            |       |       |     2 |       ||     2
Armor: Scale mail        |    29 |    55 |   121 |       ||   205
       Chain mail        |       |       |   102 |    17 ||   119
       Plate armour      |       |       |       |   293 ||   293
Dodge: Dodged            |    38 |    51 |   201 |   143 ||   433
Block: Kite shield       |    49 |    74 |   284 |   111 ||   518
       Tower shield      |       |       |       |   249 ||   249

Table legend:
 A = Non-vault XP
 B = Vault XP
 C = Vault XP percentage of total XP
 D = Non-vault monster count
 E = Vault monster count
 F = Vault count percentage of total count
                 A         B        C        D         E       F
            +---------+---------+-------+---------+---------+-------
      Total |   11628 |    6008 |  34.1 |     176 |      60 |  25.4
            +---------+---------+-------+---------+---------+-------
        D:1 |      19 |       9 |  32.1 |      10 |       4 |  28.6
        D:2 |      33 |      55 |  62.5 |      10 |       4 |  28.6
        D:3 |      18 |       0 |   0.0 |       8 |       0 |   0.0
        D:4 |     436 |       0 |   0.0 |      17 |       0 |   0.0
        D:5 |     453 |       0 |   0.0 |      13 |       0 |   0.0
        D:6 |    1228 |     349 |  22.1 |      25 |       9 |  26.5
        D:7 |     522 |     173 |  24.9 |      16 |       4 |  20.0
        D:8 |    1136 |       0 |   0.0 |      22 |       0 |   0.0
        D:9 |    2409 |     375 |  13.5 |      21 |       4 |  16.0
       D:10 |    2465 |     780 |  24.0 |      16 |       6 |  27.3
       D:11 |     246 |       0 |   0.0 |       8 |       0 |   0.0
       D:14 |    2663 |    4267 |  61.6 |      10 |      29 |  74.4
            +---------+---------+-------+---------+---------+-------
